[ AOE2 MATCH · #468643293 ]
UnrankedSlavs vs Franks
[ REPLAY ANALYSIS · EXTRACTED FROM THE RECORDED GAME ]
Feudal
10:06
Castle
13:36
Imperial
—
| APM avg | 53.4 |
| APM peak | 93 |
| eAPM avg | 28.5 |
| Villagers / military | 75 / 2 |
Focus
⚔️ 31.5% · 🌾 68.5%
Monk ×2
Feudal
13:10
Castle
—
Imperial
—
| APM avg | 43.7 |
| APM peak | 87 |
| eAPM avg | 24.8 |
| Villagers / military | 47 / 1 |
Focus
⚔️ 35.2% · 🌾 64.8%
Fishing Ship ×10 · Galley ×1
Feudal
13:16
Castle
—
Imperial
—
| APM avg | 55.7 |
| APM peak | 105 |
| eAPM avg | 32.4 |
| Villagers / military | 47 / 19 |
Focus
⚔️ 55.9% · 🌾 44.1%
Spearman ×9 · Scout Cavalry ×8 · Unknown (2626) ×3 · Fire Galley ×2
Feudal
10:06
Castle
13:48
Imperial
—
| APM avg | 42.2 |
| APM peak | 105 |
| eAPM avg | 25.6 |
| Villagers / military | 54 / 3 |
Focus
⚔️ 39.6% · 🌾 60.4%
Monk ×2 · Mangonel ×1
Feudal
11:04
Castle
15:09
Imperial
—
| APM avg | 48.0 |
| APM peak | 89 |
| eAPM avg | 21.3 |
| Villagers / military | 39 / 9 |
Focus
⚔️ 39.2% · 🌾 60.8%
Knight ×4 · Fishing Ship ×4 · Spearman ×3 · Unknown (2626) ×3 · Monk ×2
Feudal
11:12
Castle
14:59
Imperial
—
| APM avg | 52.1 |
| APM peak | 89 |
| eAPM avg | 24.8 |
| Villagers / military | 51 / 2 |
Focus
⚔️ 30.0% · 🌾 70.0%
Fishing Ship ×24 · Scout Cavalry ×2
Feudal
11:05
Castle
14:45
Imperial
—
| APM avg | 41.9 |
| APM peak | 102 |
| eAPM avg | 26.2 |
| Villagers / military | 52 / 18 |
Focus
⚔️ 26.4% · 🌾 73.6%
Fire Lancer ×9 · Fishing Ship ×4 · Monk ×3 · Scorpion ×3 · Battering Ram ×2 · Militia ×1
Feudal
10:33
Castle
14:42
Imperial
—
| APM avg | 36.6 |
| APM peak | 55 |
| eAPM avg | 20.7 |
| Villagers / military | 36 / 3 |
Focus
⚔️ 22.3% · 🌾 77.7%
Monaspa ×2 · Petard ×1
Match map
Initial resources + every placement click. Lines = walls · curves = elevation contours. ◆ gold · ⬟ stone · ● berries · ✦ relic · ◌ wall gap
Inputs per minute
— OS+ | TeMo - - danger_noodle42
Build order — OS+ | TeMo
139 actions detected in the replay
| 0:01 | Create | Villager (Male) |
| 0:02 | Build | House |
| 0:03 | Build | House |
| 0:11 | Create | Villager (Male) |
| 0:11 | Create | Villager (Male) |
| 0:14 | Create | Villager (Male) |
| 0:14 | Create | Villager (Male) |
| 1:27 | Create | Villager (Male) |
| 1:58 | Create | Villager (Male) |
| 2:15 | Create | Villager (Male) |
| 2:40 | Build | Lumber Camp |
| 2:41 | Create | Villager (Male) |
| 2:47 | Create | Villager (Male) |
| 3:22 | Build | House |
| 3:23 | Build | House |
| 3:29 | Create | Villager (Male) |
| 3:45 | Create | Villager (Male) |
| 3:56 | Build | House |
| 4:03 | Build | House |
| 4:12 | Create | Villager (Male) |
| 4:18 | Build | House |
| 4:44 | Build | Palisade Wall |
| 4:47 | Create | Villager (Male) |
| 4:52 | Build | Palisade Wall |
| 4:59 | Build | Palisade Wall |
| 5:05 | Create | Villager (Male) |
| 5:17 | Create | Villager (Male) |
| 5:25 | Create | Villager (Male) |
| 5:25 | Create | Villager (Male) |
| 6:14 | Create | Villager (Male) |
| 6:14 | Create | Villager (Male) |
| 6:15 | Create | Villager (Male) |
| 6:36 | Create | Villager (Male) |
| 7:02 | Build | Mining Camp |
| 7:10 | Build | Mill |
| 7:37 | Create | Villager (Male) |
| 7:55 | Research | Feudal Age |
| 8:31 | Create | Villager (Male) |
| 8:31 | Create | Villager (Male) |
| 10:06 | Age | Feudal Age |
| 10:08 | Build | Blacksmith |
| 10:09 | Build | Market |
| 10:53 | Research | Double-Bit Axe |
| 10:56 | Research | Castle Age |
| 11:35 | Create | Villager (Male) |
| 11:35 | Create | Villager (Male) |
| 11:57 | Build | House |
| 13:24 | Create | Villager (Male) |
| 13:36 | Age | Castle Age |
| 13:43 | Build | Town Center |
| 13:43 | Research | Bow Saw |
| 13:46 | Build | Town Center |
| 14:06 | Create | Villager (Male) |
| 14:29 | Build | House |
| 14:29 | Build | House |
| 14:46 | Research | Horse Collar |
| 14:48 | Create | Villager (Male) |
| 15:03 | Create | Villager (Male) |
| 15:06 | Create | Villager (Male) |
| 15:11 | Research | Heavy Plow |
| 15:15 | Build | Farm |
| 15:17 | Build | Farm |
| 15:19 | Build | Farm |
| 15:21 | Build | Farm |
| 15:23 | Create | Villager (Male) |
| 15:25 | Create | Villager (Male) |
| 15:26 | Create | Villager (Male) |
| 15:49 | Create | Villager (Male) |
| 15:51 | Create | Villager (Male) |
| 15:55 | Create | Villager (Male) |
| 15:56 | Create | Villager (Male) |
| 15:58 | Build | Farm |
| 16:00 | Build | Farm |
| 16:00 | Build | Farm |
| 16:05 | Build | Farm |
| 16:06 | Build | Farm |
| 16:27 | Create | Villager (Male) |
| 16:27 | Create | Villager (Male) |
| 16:32 | Create | Villager (Male) |
| 16:36 | Create | Villager (Male) |
| 16:36 | Create | Villager (Male) |
| 16:37 | Create | Villager (Male) |
| 16:45 | Create | Villager (Male) |
| 16:52 | Create | Villager (Male) |
| 17:00 | Build | Monastery |
| 17:04 | Create | Villager (Male) |
| 17:07 | Research | Wheelbarrow |
| 17:11 | Build | House |
| 17:14 | Build | Farm |
| 17:15 | Build | Farm |
| 17:19 | Create | Villager (Male) |
| 17:19 | Create | Villager (Male) |
| 17:19 | Create | Villager (Male) |
| 17:29 | Build | Farm |
| 17:31 | Create | Villager (Male) |
| 17:33 | Create | Villager (Male) |
| 17:37 | Build | Farm |
| 17:50 | Create | Monk |
| 17:53 | Create | Villager (Male) |
| 17:53 | Create | Villager (Male) |
| 18:00 | Build | Farm |
| 18:11 | Create | Villager (Male) |
| 18:11 | Create | Villager (Male) |
| 18:14 | Create | Villager (Male) |
| 18:20 | Create | Villager (Male) |
| 18:26 | Create | Villager (Male) |
| 18:28 | Build | Farm |
| 18:30 | Build | Farm |
| 18:31 | Build | Farm |
| 18:36 | Create | Villager (Male) |
| 18:36 | Create | Villager (Male) |
| 18:37 | Create | Villager (Male) |
| 18:41 | Build | Farm |
| 18:43 | Build | House |
| 18:44 | Build | House |
| 18:51 | Create | Monk |
| 19:14 | Create | Villager (Male) |
| 19:16 | Build | Farm |
| 19:18 | Create | Villager (Male) |
| 19:23 | Create | Villager (Male) |
| 19:23 | Create | Villager (Male) |
| 19:32 | Create | Villager (Male) |
| 19:32 | Create | Villager (Male) |
| 19:40 | Create | Villager (Male) |
| 19:44 | Create | Villager (Male) |
| 19:58 | Build | Siege Workshop |
| 20:05 | Research | Hand Cart |
| 20:10 | Build | Farm |
| 20:14 | Create | Villager (Male) |
| 20:20 | Create | Villager (Male) |
| 20:21 | Build | House |
| 20:22 | Build | House |
| 20:24 | Build | House |
| 20:24 | Build | House |
| 20:37 | Build | Farm |
| 20:38 | Build | Farm |
| 20:42 | Build | Farm |
| 20:42 | Create | Villager (Male) |
| 20:46 | Create | Villager (Male) |
Build order — danger_noodle42
146 actions detected in the replay
| 0:00 | Create | Villager (Male) |
| 0:01 | Create | Villager (Male) |
| 0:02 | Build | House |
| 0:03 | Build | House |
| 0:10 | Create | Villager (Male) |
| 0:10 | Create | Villager (Male) |
| 0:31 | Research | Loom |
| 0:43 | Create | Villager (Male) |
| 0:56 | Create | Villager (Male) |
| 1:38 | Build | Palisade Wall |
| 1:42 | Build | Palisade Wall |
| 1:56 | Create | Villager (Male) |
| 2:32 | Create | Villager (Male) |
| 3:00 | Build | Palisade Wall |
| 3:04 | Create | Villager (Male) |
| 3:08 | Build | Palisade Wall |
| 3:09 | Build | Palisade Wall |
| 3:31 | Create | Villager (Male) |
| 3:51 | Build | Palisade Gate |
| 3:56 | Create | Villager (Male) |
| 3:56 | Create | Villager (Male) |
| 4:40 | Create | Villager (Male) |
| 5:16 | Create | Villager (Male) |
| 5:18 | Build | House |
| 5:52 | Create | Villager (Male) |
| 6:09 | Create | Villager (Male) |
| 6:25 | Build | Palisade Wall |
| 6:26 | Build | Palisade Wall |
| 6:28 | Build | Palisade Wall |
| 6:29 | Build | Palisade Wall |
| 6:33 | Create | Villager (Male) |
| 7:11 | Create | Villager (Male) |
| 7:16 | Build | Palisade Wall |
| 7:21 | Build | Lumber Camp |
| 7:25 | Create | Villager (Male) |
| 7:29 | Build | Palisade Wall |
| 7:32 | Build | Palisade Wall |
| 7:32 | Build | Palisade Wall |
| 7:34 | Build | Palisade Wall |
| 7:49 | Create | Villager (Male) |
| 7:51 | Create | Villager (Male) |
| 7:57 | Build | Palisade Wall |
| 8:00 | Build | Palisade Wall |
| 8:06 | Create | Villager (Male) |
| 8:20 | Build | Palisade Wall |
| 8:22 | Build | Palisade Wall |
| 8:23 | Create | Villager (Male) |
| 8:32 | Build | House |
| 8:38 | Build | Palisade Wall |
| 8:54 | Build | Mill |
| 9:07 | Create | Villager (Male) |
| 9:13 | Build | Outpost |
| 9:51 | Build | Palisade Wall |
| 10:07 | Create | Villager (Male) |
| 11:00 | Research | Feudal Age |
| 11:42 | Build | Dock |
| 11:43 | Create | Villager (Male) |
| 12:47 | Create | Villager (Male) |
| 12:49 | Create | Fishing Ship |
| 13:10 | Age | Feudal Age |
| 13:14 | Build | Stone Wall |
| 13:16 | Build | Stone Wall |
| 13:16 | Build | Stone Wall |
| 13:18 | Build | Stone Wall |
| 13:20 | Research | Double-Bit Axe |
| 13:22 | Create | Villager (Male) |
| 13:35 | Create | Villager (Male) |
| 13:42 | Build | Lumber Camp |
| 13:46 | Build | Stone Wall |
| 13:47 | Build | Stone Wall |
| 13:47 | Build | Stone Wall |
| 13:49 | Build | Stone Wall |
| 14:04 | Create | Galley |
| 14:07 | Build | House |
| 14:21 | Build | Palisade Wall |
| 14:22 | Build | Palisade Wall |
| 14:28 | Create | Villager (Male) |
| 14:32 | Build | Palisade Wall |
| 14:34 | Build | Palisade Wall |
| 14:36 | Build | Palisade Wall |
| 14:41 | Build | House |
| 14:43 | Create | Fishing Ship |
| 14:47 | Create | Villager (Male) |
| 15:08 | Build | Palisade Wall |
| 15:10 | Build | Palisade Wall |
| 15:11 | Create | Villager (Male) |
| 15:19 | Build | Palisade Wall |
| 15:20 | Create | Villager (Male) |
| 15:24 | Build | Palisade Wall |
| 15:27 | Build | Palisade Wall |
| 15:28 | Create | Fishing Ship |
| 15:31 | Build | Palisade Wall |
| 15:34 | Build | Palisade Wall |
| 15:35 | Create | Villager (Male) |
| 15:37 | Build | Palisade Wall |
| 15:40 | Build | Palisade Wall |
| 15:45 | Build | House |
| 15:55 | Create | Fishing Ship |
| 15:57 | Create | Villager (Male) |
| 16:00 | Build | Dock |
| 16:22 | Build | Palisade Wall |
| 16:32 | Build | Palisade Wall |
| 16:43 | Create | Villager (Male) |
| 16:54 | Create | Villager (Male) |
| 17:04 | Build | Lumber Camp |
| 17:04 | Create | Fishing Ship |
| 17:06 | Create | Fishing Ship |
| 17:07 | Create | Villager (Male) |
| 17:12 | Build | House |
| 17:16 | Build | Palisade Wall |
| 17:16 | Create | Villager (Male) |
| 17:22 | Build | Farm |
| 17:23 | Create | Villager (Male) |
| 17:27 | Create | Villager (Male) |
| 17:31 | Build | Palisade Wall |
| 17:38 | Create | Villager (Male) |
| 17:40 | Research | Tech 906 |
| 17:44 | Build | Farm |
| 17:54 | Build | Palisade Wall |
| 18:07 | Build | Stone Wall |
| 18:07 | Create | Villager (Male) |
| 18:17 | Build | Building 665 |
| 18:36 | Create | Villager (Male) |
| 18:42 | Build | Building 490 |
| 18:47 | Build | Stone Wall |
| 18:53 | Build | Stone Wall |
| 18:55 | Build | Stone Wall |
| 18:56 | Build | Stone Wall |
| 18:58 | Build | Stone Wall |
| 18:59 | Build | Stone Wall |
| 19:09 | Create | Fishing Ship |
| 19:09 | Create | Fishing Ship |
| 19:23 | Create | Villager (Male) |
| 19:30 | Build | Farm |
| 19:31 | Build | Farm |
| 19:33 | Build | Farm |
| 19:34 | Build | Farm |
| 19:36 | Build | Farm |
| 19:41 | Create | Villager (Male) |
| 19:43 | Create | Fishing Ship |
| 19:50 | Build | House |
| 19:51 | Build | House |
| 19:54 | Build | Palisade Wall |
| 19:56 | Build | Palisade Wall |
| 19:57 | Create | Villager (Male) |
| 20:16 | Create | Fishing Ship |
Build order — pääjehu
First 150 of 155 actions detected
| 0:01 | Create | Villager (Male) ×4 |
| 0:01 | Create | Villager (Male) ×4 |
| 0:02 | Build | House |
| 0:03 | Build | House |
| 0:43 | Build | Palisade Wall |
| 1:01 | Research | Loom |
| 1:09 | Build | Palisade Wall |
| 1:15 | Build | Palisade Wall |
| 1:20 | Build | Palisade Wall |
| 1:21 | Build | Palisade Wall |
| 1:26 | Create | Villager (Male) |
| 1:51 | Create | Villager (Male) |
| 2:05 | Build | Palisade Wall |
| 2:29 | Create | Villager (Male) |
| 2:43 | Build | Palisade Wall |
| 2:54 | Create | Villager (Male) |
| 3:24 | Create | Villager (Male) |
| 3:51 | Create | Villager (Male) |
| 4:22 | Create | Villager (Male) |
| 4:43 | Create | Villager (Male) |
| 4:56 | Build | Palisade Wall |
| 5:10 | Create | Villager (Male) |
| 5:19 | Build | Palisade Wall |
| 5:35 | Create | Villager (Male) |
| 5:39 | Build | Palisade Wall |
| 5:42 | Build | House |
| 5:53 | Create | Villager (Male) |
| 6:07 | Build | Palisade Wall |
| 6:17 | Build | Lumber Camp |
| 6:21 | Create | Villager (Male) |
| 6:33 | Build | Palisade Wall |
| 6:34 | Build | Palisade Wall |
| 6:35 | Build | Palisade Wall |
| 6:38 | Build | Palisade Wall |
| 6:38 | Build | Palisade Wall |
| 6:46 | Build | Palisade Wall |
| 6:50 | Build | Palisade Wall |
| 6:59 | Create | Villager (Male) |
| 7:11 | Build | Palisade Wall |
| 7:14 | Build | Palisade Wall |
| 7:15 | Build | Palisade Wall |
| 7:30 | Create | Villager (Male) ×2 |
| 7:38 | Build | House |
| 7:41 | Build | House |
| 7:46 | Build | Palisade Wall |
| 7:46 | Build | Palisade Wall |
| 7:54 | Build | Palisade Wall |
| 7:55 | Build | Palisade Wall |
| 7:56 | Build | Palisade Wall |
| 8:02 | Build | Palisade Wall |
| 8:02 | Build | Palisade Wall |
| 8:04 | Build | Palisade Wall |
| 8:04 | Build | Palisade Wall |
| 8:04 | Build | Palisade Wall |
| 8:05 | Build | Palisade Wall |
| 8:21 | Create | Villager (Male) ×3 |
| 8:52 | Build | Mill |
| 8:58 | Build | Palisade Wall |
| 8:59 | Build | Palisade Wall |
| 9:05 | Build | House |
| 9:08 | Build | Palisade Wall |
| 9:09 | Build | Palisade Wall |
| 9:09 | Build | Palisade Wall |
| 9:13 | Build | Palisade Wall |
| 9:26 | Create | Villager (Male) |
| 9:27 | Build | House |
| 9:28 | Build | Palisade Wall |
| 9:29 | Build | Palisade Wall |
| 10:00 | Build | Building 804 |
| 10:01 | Build | Palisade Wall |
| 10:03 | Create | Villager (Male) |
| 10:03 | Create | Villager (Male) |
| 10:51 | Build | Lumber Camp |
| 11:06 | Research | Feudal Age |
| 12:21 | Build | Barracks |
| 12:25 | Build | Palisade Wall |
| 12:26 | Build | Palisade Wall |
| 12:57 | Build | Mining Camp |
| 13:00 | Create | Villager (Male) |
| 13:01 | Create | Villager (Male) |
| 13:01 | Create | Villager (Male) |
| 13:16 | Age | Feudal Age |
| 13:24 | Create | Spearman |
| 13:30 | Research | Double-Bit Axe |
| 13:40 | Build | Dock |
| 13:50 | Build | House |
| 14:16 | Build | Palisade Wall |
| 14:17 | Build | Palisade Wall |
| 14:18 | Create | Spearman |
| 14:20 | Build | Palisade Wall |
| 14:25 | Build | Stable |
| 14:32 | Build | House |
| 14:37 | Create | Fire Galley |
| 14:39 | Create | Villager (Male) |
| 14:42 | Create | Spearman |
| 14:51 | Build | Palisade Wall |
| 14:51 | Build | Palisade Wall |
| 15:00 | Build | Palisade Wall |
| 15:01 | Build | Stable |
| 15:01 | Create | Villager (Male) |
| 15:05 | Create | Spearman |
| 15:19 | Create | Villager (Male) |
| 15:31 | Create | Villager (Male) |
| 15:34 | Create | Unit 2626 |
| 15:40 | Create | Spearman |
| 15:43 | Build | Farm |
| 15:43 | Build | Farm |
| 15:44 | Build | Farm |
| 15:48 | Create | Spearman |
| 15:58 | Create | Villager (Male) |
| 16:01 | Build | House |
| 16:01 | Build | House |
| 16:09 | Create | Scout Cavalry |
| 16:09 | Create | Scout Cavalry |
| 16:17 | Create | Villager (Male) |
| 16:20 | Create | Unit 2626 |
| 16:23 | Build | House |
| 16:28 | Create | Scout Cavalry |
| 16:43 | Create | Scout Cavalry |
| 16:50 | Create | Unit 2626 |
| 16:51 | Create | Villager (Male) |
| 16:52 | Build | Farm |
| 16:54 | Build | Farm |
| 17:02 | Build | Farm |
| 17:18 | Create | Spearman |
| 17:19 | Create | Spearman |
| 17:23 | Build | Farm |
| 17:32 | Create | Villager (Male) |
| 17:53 | Create | Spearman |
| 17:57 | Create | Scout Cavalry |
| 18:06 | Create | Villager (Male) |
| 18:13 | Create | Villager (Male) |
| 18:26 | Build | Farm |
| 18:26 | Build | Farm |
| 18:26 | Build | Farm |
| 18:26 | Build | Farm |
| 18:27 | Build | Farm |
| 18:31 | Build | Farm |
| 18:37 | Create | Villager (Male) |
| 18:43 | Build | Farm |
| 18:47 | Build | Farm |
| 19:03 | Create | Scout Cavalry |
| 19:09 | Create | Fire Galley |
| 19:15 | Create | Scout Cavalry |
| 19:19 | Create | Villager (Male) ×2 |
| 19:26 | Build | House |
| 19:31 | Build | Farm |
| 19:32 | Build | Farm |
| 19:46 | Build | Market |
| 19:47 | Create | Villager (Male) |
Build order — abundzuehalt
122 actions detected in the replay
| 0:00 | Create | Villager (Male) ×4 |
| 0:01 | Build | House |
| 0:02 | Build | House |
| 0:16 | Build | Mill |
| 0:20 | Build | Mill |
| 1:40 | Create | Villager (Male) |
| 1:50 | Create | Villager (Male) |
| 1:50 | Create | Villager (Male) |
| 2:12 | Create | Villager (Male) |
| 2:30 | Create | Villager (Male) |
| 3:16 | Create | Villager (Male) |
| 3:17 | Create | Villager (Male) |
| 3:23 | Build | House |
| 3:29 | Create | Villager (Male) |
| 3:51 | Build | Lumber Camp |
| 4:18 | Build | Palisade Wall |
| 4:23 | Create | Villager (Male) |
| 4:29 | Create | Villager (Male) |
| 4:31 | Create | Villager (Male) |
| 4:59 | Create | Villager (Male) |
| 4:59 | Create | Villager (Male) |
| 5:03 | Build | Palisade Wall |
| 5:04 | Build | Palisade Wall |
| 5:05 | Build | Palisade Wall |
| 5:26 | Create | Villager (Male) |
| 5:29 | Create | Villager (Male) |
| 5:38 | Build | Palisade Wall |
| 5:44 | Build | Palisade Wall |
| 5:56 | Build | House |
| 6:00 | Create | Villager (Male) |
| 6:29 | Build | Palisade Wall |
| 6:32 | Build | Palisade Wall |
| 6:33 | Build | Palisade Wall |
| 6:34 | Build | Palisade Wall |
| 6:35 | Build | Palisade Wall |
| 6:49 | Build | Palisade Wall |
| 7:09 | Build | Mining Camp |
| 7:27 | Create | Villager (Male) |
| 7:38 | Build | House |
| 7:48 | Research | Feudal Age |
| 8:04 | Build | Palisade Wall |
| 8:58 | Create | Villager (Male) |
| 10:06 | Age | Feudal Age |
| 10:14 | Build | Market |
| 10:16 | Build | Blacksmith |
| 10:30 | Create | Villager (Male) |
| 11:08 | Research | Castle Age |
| 11:56 | Research | Double-Bit Axe |
| 12:07 | Build | Lumber Camp |
| 12:16 | Research | Horse Collar |
| 13:01 | Research | Gold Mining |
| 13:29 | Create | Villager (Male) |
| 13:48 | Age | Castle Age |
| 13:49 | Build | Siege Workshop |
| 13:51 | Build | Monastery |
| 13:56 | Build | House |
| 13:58 | Research | Bow Saw |
| 14:14 | Create | Villager (Male) |
| 14:27 | Build | House |
| 14:31 | Create | Mangonel |
| 14:34 | Create | Monk |
| 14:50 | Create | Villager (Male) |
| 14:52 | Build | House |
| 15:11 | Build | Outpost |
| 15:15 | Create | Monk |
| 15:32 | Build | Stone Wall |
| 15:33 | Create | Villager (Male) |
| 15:38 | Create | Villager (Male) |
| 15:43 | Build | Stone Wall |
| 15:49 | Build | Stone Wall |
| 16:05 | Build | Town Center |
| 16:26 | Create | Villager (Male) |
| 16:38 | Create | Villager (Male) |
| 16:42 | Build | Town Center |
| 17:01 | Create | Villager (Male) |
| 17:11 | Create | Villager (Male) |
| 17:14 | Build | Outpost |
| 17:40 | Build | House |
| 17:56 | Create | Villager (Male) |
| 17:57 | Build | Town Center |
| 18:05 | Build | House |
| 18:17 | Build | Farm |
| 18:18 | Create | Villager (Male) |
| 18:24 | Create | Villager (Male) |
| 18:26 | Build | Farm |
| 18:27 | Build | Farm |
| 18:27 | Create | Villager (Male) |
| 18:31 | Create | Villager (Male) |
| 18:38 | Build | House |
| 18:43 | Build | Farm |
| 18:46 | Build | Farm |
| 18:46 | Create | Villager (Male) |
| 18:57 | Build | Farm |
| 19:06 | Create | Villager (Male) |
| 19:07 | Create | Villager (Male) |
| 19:08 | Create | Villager (Male) |
| 19:13 | Build | House |
| 19:18 | Create | Villager (Male) |
| 19:26 | Create | Villager (Male) |
| 19:29 | Build | Farm |
| 19:32 | Create | Villager (Male) |
| 19:34 | Build | Farm |
| 19:35 | Build | Farm |
| 19:36 | Build | Farm |
| 19:40 | Build | Farm |
| 19:43 | Create | Villager (Male) |
| 19:55 | Build | Farm |
| 19:55 | Create | Villager (Male) |
| 19:59 | Build | Farm |
| 20:02 | Create | Villager (Male) |
| 20:13 | Build | Farm |
| 20:14 | Create | Villager (Male) |
| 20:17 | Create | Villager (Male) |
| 20:17 | Create | Villager (Male) |
| 20:26 | Create | Villager (Male) |
| 20:30 | Create | Villager (Male) |
| 20:33 | Build | Farm |
| 20:36 | Build | Farm |
| 20:38 | Create | Villager (Male) |
| 20:43 | Build | Farm |
| 20:46 | Build | Farm |
| 20:47 | Create | Villager (Male) |
Build order — aleksanderG
93 actions detected in the replay
| 0:00 | Create | Villager (Male) |
| 0:02 | Build | House |
| 0:02 | Build | House |
| 0:07 | Create | Villager (Male) |
| 0:08 | Create | Villager (Male) |
| 0:08 | Create | Villager (Male) |
| 1:29 | Create | Villager (Male) |
| 2:07 | Create | Villager (Male) |
| 2:19 | Create | Villager (Male) |
| 2:27 | Build | Lumber Camp |
| 2:48 | Create | Villager (Male) |
| 3:00 | Create | Villager (Male) |
| 3:24 | Build | House |
| 3:36 | Create | Villager (Male) |
| 4:02 | Create | Villager (Male) |
| 4:17 | Research | Loom |
| 4:32 | Create | Villager (Male) |
| 4:36 | Build | Dock |
| 4:49 | Create | Villager (Male) |
| 5:14 | Create | Fishing Ship |
| 5:26 | Build | House |
| 5:30 | Create | Villager (Male) |
| 5:30 | Create | Villager (Male) |
| 5:30 | Create | Villager (Male) |
| 5:55 | Create | Villager (Male) |
| 6:22 | Create | Fishing Ship |
| 6:23 | Create | Villager (Male) |
| 6:46 | Build | House |
| 7:23 | Create | Villager (Male) |
| 7:25 | Create | Fishing Ship |
| 7:57 | Create | Fishing Ship |
| 7:58 | Create | Villager (Male) |
| 8:19 | Build | House |
| 8:30 | Create | Villager (Male) |
| 8:48 | Research | Feudal Age |
| 9:10 | Build | Mining Camp |
| 9:52 | Build | Mill |
| 10:39 | Create | Villager (Male) |
| 10:40 | Create | Villager (Male) |
| 11:04 | Age | Feudal Age |
| 11:28 | Build | Blacksmith |
| 11:52 | Create | Villager (Male) |
| 11:52 | Build | Market |
| 12:29 | Research | Castle Age |
| 12:58 | Build | House |
| 13:07 | Research | Double-Bit Axe |
| 13:10 | Build | House |
| 13:26 | Build | Barracks |
| 13:50 | Create | Unit 2626 |
| 13:54 | Create | Villager (Male) |
| 14:11 | Create | Spearman |
| 14:19 | Build | Stable |
| 14:47 | Build | Stable |
| 14:55 | Create | Spearman |
| 14:56 | Create | Villager (Male) |
| 15:09 | Age | Castle Age |
| 15:12 | Create | Unit 2626 |
| 15:13 | Research | Tech 906 |
| 15:30 | Create | Villager (Male) |
| 15:39 | Build | House |
| 15:42 | Create | Knight |
| 15:56 | Create | Spearman |
| 15:57 | Create | Villager (Male) |
| 16:02 | Build | Town Center |
| 16:38 | Build | Siege Workshop |
| 16:39 | Create | Villager (Male) |
| 16:52 | Create | Unit 2626 |
| 17:00 | Create | Villager (Male) |
| 17:03 | Research | Gold Mining |
| 17:30 | Create | Villager (Male) |
| 17:31 | Create | Villager (Male) |
| 17:32 | Create | Villager (Male) |
| 17:40 | Build | Stable |
| 17:54 | Build | Stable |
| 17:57 | Create | Knight |
| 18:22 | Create | Villager (Male) |
| 18:22 | Create | Villager (Male) |
| 18:30 | Build | Palisade Wall |
| 18:41 | Build | Monastery |
| 18:44 | Create | Villager (Male) |
| 18:48 | Create | Villager (Male) |
| 19:07 | Create | Villager (Male) |
| 19:17 | Create | Monk |
| 19:25 | Build | Farm |
| 19:27 | Build | Farm |
| 19:28 | Build | Farm |
| 19:29 | Build | Farm |
| 19:29 | Build | Farm |
| 19:31 | Create | Knight |
| 19:56 | Build | House |
| 20:01 | Create | Monk |
| 20:02 | Create | Villager (Male) |
| 20:36 | Create | Knight |
Build order — [R1] Pume
146 actions detected in the replay
| 0:01 | Create | Villager (Male) |
| 0:01 | Create | Villager (Male) |
| 0:03 | Build | House |
| 0:04 | Build | House |
| 0:05 | Create | Villager (Male) |
| 0:07 | Create | Villager (Male) |
| 1:02 | Build | Lumber Camp |
| 1:32 | Create | Villager (Male) |
| 2:03 | Create | Villager (Male) |
| 2:31 | Create | Villager (Male) |
| 2:58 | Create | Villager (Male) |
| 3:22 | Create | Villager (Male) |
| 3:37 | Build | House |
| 3:46 | Create | Villager (Male) |
| 3:53 | Build | Dock |
| 3:56 | Create | Villager (Male) |
| 4:31 | Create | Villager (Male) |
| 4:39 | Create | Villager (Male) |
| 4:44 | Build | House |
| 4:52 | Create | Fishing Ship |
| 5:17 | Create | Villager (Male) |
| 5:19 | Create | Fishing Ship |
| 5:32 | Create | Villager (Male) |
| 5:39 | Create | Villager (Male) |
| 6:10 | Create | Fishing Ship |
| 6:38 | Create | Fishing Ship |
| 6:38 | Create | Villager (Male) |
| 6:41 | Build | Palisade Wall |
| 6:43 | Build | Palisade Wall |
| 6:45 | Build | Palisade Wall |
| 6:46 | Build | Palisade Wall |
| 7:00 | Build | House |
| 7:10 | Create | Villager (Male) |
| 7:34 | Create | Villager (Male) |
| 7:35 | Create | Fishing Ship |
| 7:57 | Build | Mining Camp |
| 8:11 | Create | Villager (Male) |
| 8:16 | Create | Villager (Male) |
| 8:20 | Build | House |
| 8:59 | Research | Feudal Age |
| 9:14 | Build | Lumber Camp |
| 9:34 | Create | Fishing Ship |
| 10:03 | Build | Barracks |
| 10:32 | Create | Villager (Male) |
| 10:59 | Build | House |
| 11:12 | Age | Feudal Age |
| 11:19 | Build | Stable |
| 11:24 | Build | Blacksmith |
| 11:32 | Build | Blacksmith |
| 11:36 | Create | Villager (Male) |
| 11:48 | Research | Double-Bit Axe |
| 12:15 | Create | Fishing Ship |
| 12:19 | Research | Castle Age |
| 12:20 | Build | Mill |
| 12:40 | Research | Tech 906 |
| 13:07 | Build | Fish Trap |
| 13:10 | Create | Fishing Ship |
| 14:04 | Create | Scout Cavalry |
| 14:18 | Create | Fishing Ship |
| 14:46 | Create | Villager (Male) |
| 14:59 | Age | Castle Age |
| 15:01 | Build | Town Center |
| 15:01 | Research | Bow Saw |
| 15:04 | Build | Town Center |
| 15:06 | Research | Gillnets |
| 15:17 | Create | Villager (Male) |
| 15:26 | Create | Villager (Male) |
| 15:47 | Create | Fishing Ship |
| 15:49 | Build | Fish Trap |
| 16:06 | Create | Scout Cavalry |
| 16:08 | Create | Villager (Male) |
| 16:10 | Build | House |
| 16:10 | Build | House |
| 16:11 | Build | House |
| 16:22 | Create | Villager (Male) |
| 16:22 | Create | Villager (Male) |
| 16:24 | Create | Villager (Male) |
| 16:28 | Build | House |
| 16:29 | Build | House |
| 16:29 | Build | House |
| 16:29 | Build | House |
| 16:30 | Build | House |
| 16:30 | Build | House |
| 16:30 | Build | House |
| 16:32 | Create | Villager (Male) |
| 16:39 | Build | Fish Trap |
| 16:52 | Create | Villager (Male) |
| 16:58 | Build | Fish Trap |
| 17:04 | Create | Villager (Male) |
| 17:13 | Build | Fish Trap |
| 17:27 | Create | Villager (Male) |
| 17:38 | Build | Fish Trap |
| 17:40 | Build | Fish Trap |
| 17:47 | Create | Villager (Male) |
| 17:50 | Build | Market |
| 17:54 | Build | Fish Trap |
| 18:01 | Research | Loom |
| 18:01 | Create | Villager (Male) |
| 18:06 | Create | Fishing Ship |
| 18:14 | Build | Dock |
| 18:44 | Build | Fish Trap |
| 18:45 | Create | Fishing Ship |
| 18:45 | Create | Villager (Male) |
| 18:48 | Build | Dock |
| 18:48 | Create | Villager (Male) |
| 18:51 | Build | Fish Trap |
| 18:51 | Create | Villager (Male) |
| 18:53 | Build | House |
| 18:53 | Build | House |
| 19:05 | Create | Villager (Male) |
| 19:05 | Create | Villager (Male) |
| 19:06 | Create | Fishing Ship |
| 19:07 | Create | Fishing Ship |
| 19:07 | Create | Villager (Male) |
| 19:09 | Build | Dock |
| 19:19 | Create | Villager (Male) |
| 19:29 | Build | Dock |
| 19:31 | Build | Fish Trap |
| 19:42 | Build | Mining Camp |
| 19:44 | Create | Villager (Male) |
| 19:45 | Create | Villager (Male) |
| 19:46 | Create | Fishing Ship |
| 19:47 | Create | Fishing Ship |
| 19:47 | Create | Fishing Ship |
| 19:50 | Build | Fish Trap |
| 19:54 | Build | House |
| 19:54 | Build | House |
| 19:54 | Build | House |
| 19:57 | Create | Villager (Male) |
| 19:59 | Create | Fishing Ship |
| 19:59 | Create | Fishing Ship |
| 19:59 | Create | Villager (Male) |
| 20:17 | Build | Fish Trap |
| 20:18 | Create | Fishing Ship |
| 20:18 | Create | Fishing Ship |
| 20:18 | Create | Fishing Ship |
| 20:26 | Create | Villager (Male) |
| 20:34 | Create | Villager (Male) |
| 20:39 | Build | Fish Trap |
| 20:42 | Build | Fish Trap |
| 20:45 | Build | House |
| 20:46 | Build | House |
| 20:47 | Create | Fishing Ship |
| 20:47 | Create | Fishing Ship |
| 20:48 | Create | Villager (Male) |
| 20:48 | Create | Villager (Male) |
Build order — m0re
131 actions detected in the replay
| 0:00 | Create | Villager (Male) |
| 0:01 | Build | House |
| 0:02 | Build | House |
| 0:08 | Create | Villager (Male) |
| 0:08 | Create | Villager (Male) |
| 0:10 | Create | Villager (Male) |
| 1:25 | Create | Villager (Male) |
| 1:48 | Build | Lumber Camp |
| 1:57 | Create | Villager (Male) |
| 2:11 | Create | Villager (Male) |
| 2:45 | Create | Villager (Male) |
| 2:57 | Create | Villager (Male) |
| 3:29 | Create | Villager (Male) |
| 3:44 | Create | Villager (Male) |
| 3:49 | Build | House |
| 4:39 | Create | Villager (Male) |
| 4:41 | Create | Villager (Male) |
| 4:47 | Build | Palisade Wall |
| 4:48 | Build | Palisade Wall |
| 4:49 | Build | Palisade Wall |
| 4:56 | Build | Palisade Wall |
| 5:04 | Build | House |
| 5:26 | Build | Palisade Wall |
| 5:31 | Create | Villager (Male) |
| 5:33 | Create | Villager (Male) |
| 5:33 | Create | Villager (Male) |
| 5:35 | Build | Palisade Wall |
| 5:40 | Build | Palisade Wall |
| 5:47 | Build | Palisade Wall |
| 5:49 | Create | Villager (Male) |
| 5:55 | Build | Palisade Wall |
| 6:02 | Build | Palisade Wall |
| 6:16 | Build | Dock |
| 6:19 | Create | Villager (Male) |
| 6:22 | Build | House |
| 6:31 | Create | Villager (Male) |
| 7:09 | Build | House |
| 7:37 | Build | Mill |
| 7:41 | Build | Mining Camp |
| 7:43 | Create | Fishing Ship |
| 8:02 | Create | Villager (Male) |
| 8:05 | Create | Fishing Ship |
| 8:26 | Create | Villager (Male) |
| 8:32 | Create | Fishing Ship |
| 8:55 | Research | Feudal Age |
| 11:05 | Age | Feudal Age |
| 11:07 | Build | Market |
| 11:09 | Build | Blacksmith |
| 11:12 | Create | Villager (Male) |
| 11:13 | Create | Villager (Male) |
| 11:56 | Build | Barracks |
| 12:05 | Research | Castle Age |
| 12:51 | Build | House |
| 12:54 | Research | Double-Bit Axe |
| 13:50 | Research | Gold Mining |
| 13:56 | Create | Villager (Male) |
| 14:11 | Build | Fish Trap |
| 14:12 | Create | Fishing Ship |
| 14:44 | Create | Villager (Male) |
| 14:45 | Age | Castle Age |
| 14:47 | Build | Siege Workshop |
| 14:49 | Create | Fire Lancer |
| 15:06 | Create | Villager (Male) |
| 15:29 | Create | Battering Ram |
| 15:31 | Create | Scorpion |
| 15:33 | Create | Militia |
| 15:35 | Create | Fire Lancer |
| 15:39 | Create | Villager (Male) |
| 15:43 | Build | House |
| 15:45 | Create | Villager (Male) |
| 15:45 | Create | Villager (Male) |
| 15:54 | Create | Villager (Male) |
| 16:00 | Research | Bow Saw |
| 16:11 | Build | House |
| 16:23 | Build | Town Center |
| 16:26 | Create | Villager (Male) |
| 16:33 | Create | Scorpion |
| 16:37 | Create | Villager (Male) |
| 16:46 | Build | House |
| 17:10 | Build | Monastery |
| 17:19 | Build | Monastery |
| 17:22 | Create | Fire Lancer |
| 17:22 | Create | Fire Lancer |
| 17:22 | Create | Villager (Male) |
| 17:23 | Create | Villager (Male) |
| 17:23 | Create | Villager (Male) |
| 17:38 | Create | Villager (Male) |
| 17:39 | Create | Fire Lancer |
| 17:39 | Create | Villager (Male) |
| 17:41 | Create | Villager (Male) |
| 17:50 | Create | Fire Lancer |
| 17:50 | Create | Fire Lancer |
| 18:04 | Create | Battering Ram |
| 18:04 | Create | Villager (Male) |
| 18:08 | Create | Monk |
| 18:09 | Build | House |
| 18:10 | Create | Villager (Male) |
| 18:23 | Create | Fire Lancer |
| 18:23 | Create | Fire Lancer |
| 18:28 | Create | Villager (Male) |
| 18:29 | Create | Villager (Male) |
| 18:29 | Create | Villager (Male) |
| 18:32 | Create | Villager (Male) |
| 18:42 | Build | Barracks |
| 18:45 | Create | Scorpion |
| 19:02 | Build | Building 800 |
| 19:03 | Build | Palisade Wall |
| 19:04 | Build | Palisade Wall |
| 19:06 | Build | Palisade Wall |
| 19:11 | Build | Palisade Gate |
| 19:15 | Build | Palisade Wall |
| 19:16 | Create | Villager (Male) |
| 19:20 | Create | Villager (Male) |
| 19:28 | Create | Monk |
| 19:31 | Build | Town Center |
| 19:33 | Research | Horse Collar |
| 19:37 | Create | Villager (Male) |
| 19:46 | Create | Monk |
| 20:05 | Create | Villager (Male) |
| 20:09 | Build | House |
| 20:12 | Build | Farm |
| 20:12 | Build | Farm |
| 20:12 | Build | Farm |
| 20:12 | Build | Farm |
| 20:13 | Build | Farm |
| 20:13 | Build | Farm |
| 20:15 | Create | Villager (Male) |
| 20:26 | Research | Loom |
| 20:28 | Create | Villager (Male) |
| 20:29 | Create | Villager (Male) |
| 20:48 | Create | Villager (Male) |
Build order — J_
90 actions detected in the replay
| 0:00 | Create | Villager (Male) |
| 0:01 | Create | Villager (Male) |
| 0:02 | Build | House |
| 0:03 | Build | House |
| 0:05 | Create | Villager (Male) |
| 0:05 | Create | Villager (Male) |
| 0:31 | Research | Loom |
| 0:50 | Create | Villager (Male) |
| 0:51 | Create | Villager (Male) |
| 0:59 | Build | Palisade Wall |
| 1:48 | Build | Palisade Wall |
| 2:01 | Create | Villager (Male) |
| 2:39 | Create | Villager (Male) |
| 3:08 | Create | Villager (Male) |
| 3:08 | Create | Villager (Male) |
| 3:30 | Create | Villager (Male) |
| 3:48 | Create | Villager (Male) |
| 4:02 | Build | House |
| 4:11 | Create | Villager (Male) |
| 4:39 | Create | Villager (Male) |
| 5:08 | Build | Building 796 |
| 5:11 | Build | Palisade Wall |
| 5:12 | Build | Palisade Wall |
| 5:15 | Create | Villager (Male) |
| 5:16 | Create | Villager (Male) |
| 5:32 | Create | Villager (Male) |
| 5:39 | Build | Palisade Wall |
| 6:02 | Create | Villager (Male) |
| 6:03 | Create | Villager (Male) |
| 6:03 | Create | Villager (Male) |
| 6:03 | Create | Villager (Male) |
| 6:20 | Build | Mill |
| 7:11 | Build | House |
| 7:30 | Create | Villager (Male) |
| 7:47 | Build | House |
| 8:04 | Build | Mule Cart |
| 8:11 | Build | Farm |
| 8:23 | Research | Feudal Age |
| 10:33 | Age | Feudal Age |
| 10:35 | Create | Villager (Male) |
| 10:41 | Build | Blacksmith |
| 10:44 | Build | Market |
| 10:50 | Create | Villager (Male) |
| 11:19 | Build | Stone Wall |
| 11:21 | Build | Stone Wall |
| 11:23 | Build | Stone Wall |
| 11:25 | Build | Outpost |
| 12:02 | Research | Castle Age |
| 12:38 | Research | Double-Bit Axe |
| 13:47 | Build | Mule Cart |
| 14:03 | Build | Stone Wall |
| 14:04 | Build | Stone Wall |
| 14:05 | Build | Stone Wall |
| 14:39 | Create | Villager (Male) |
| 14:42 | Age | Castle Age |
| 14:45 | Create | Villager (Male) |
| 15:05 | Build | Castle |
| 15:12 | Build | Castle |
| 15:43 | Create | Villager (Male) |
| 15:47 | Build | Farm |
| 15:48 | Build | Farm |
| 16:16 | Create | Villager (Male) |
| 16:16 | Create | Villager (Male) |
| 16:39 | Create | Monaspa |
| 17:04 | Create | Monaspa |
| 17:10 | Create | Villager (Male) |
| 17:11 | Create | Villager (Male) |
| 17:28 | Build | Town Center |
| 17:39 | Build | Outpost |
| 17:41 | Create | Villager (Male) |
| 17:47 | Build | Farm |
| 18:00 | Research | Town Watch |
| 18:03 | Build | Farm |
| 18:09 | Build | Outpost |
| 18:14 | Create | Villager (Male) |
| 18:18 | Create | Villager (Male) |
| 18:51 | Build | Farm |
| 18:52 | Build | Farm |
| 18:54 | Build | Farm |
| 18:57 | Research | Horse Collar |
| 19:09 | Build | Farm |
| 19:25 | Build | Farm |
| 19:38 | Create | Villager (Male) |
| 19:40 | Build | Farm |
| 19:46 | Build | Farm |
| 19:54 | Create | Petard |
| 20:01 | Create | Villager (Male) |
| 20:14 | Build | Farm |
| 20:16 | Research | Fletching |
| 20:27 | Build | Farm |
Match timeline
| 0:43 | pääjehu · wall_segment Palisade Wall x7 |
| 0:59 | J_ · wall_segment Palisade Wall x12 |
| 1:09 | pääjehu · wall_segment Palisade Wall x1 |
| 1:15 | pääjehu · wall_segment Palisade Wall x1 |
| 1:20 | pääjehu · wall_segment Palisade Wall x1 |
| 1:21 | pääjehu · wall_segment Palisade Wall x1 |
| 1:38 | danger_noodle42 · wall_segment Palisade Wall x1 |
| 1:42 | danger_noodle42 · wall_segment Palisade Wall x2 |
| 1:48 | J_ · wall_segment Palisade Wall x1 |
| 2:05 | pääjehu · wall_segment Palisade Wall x1 |
| 2:43 | pääjehu · wall_segment Palisade Wall x1 |
| 3:00 | danger_noodle42 · wall_segment Palisade Wall x8 |
| 3:08 | danger_noodle42 · wall_segment Palisade Wall x1 |
| 3:09 | danger_noodle42 · wall_segment Palisade Wall x1 |
| 3:53 | [R1] Pume · first_building Dock |
| 4:18 | abundzuehalt · wall_segment Palisade Wall x11 |
| 4:36 | aleksanderG · first_building Dock |
| 4:44 | OS+ | TeMo · wall_segment Palisade Wall x1 |
| 4:47 | m0re · wall_segment Palisade Wall x1 |
| 4:48 | m0re · wall_segment Palisade Wall x1 |
| 4:49 | m0re · wall_segment Palisade Wall x1 |
| 4:52 | OS+ | TeMo · wall_segment Palisade Wall x1 |
| 4:56 | pääjehu · wall_segment Palisade Wall x3 |
| 4:56 | m0re · wall_segment Palisade Wall x1 |
| 4:59 | OS+ | TeMo · wall_segment Palisade Wall x1 |
| 5:03 | abundzuehalt · wall_segment Palisade Wall x1 |
| 5:04 | abundzuehalt · wall_segment Palisade Wall x1 |
| 5:05 | abundzuehalt · wall_segment Palisade Wall x1 |
| 5:11 | J_ · wall_segment Palisade Wall x1 |
| 5:12 | J_ · wall_segment Palisade Wall x1 |
| 5:19 | pääjehu · wall_segment Palisade Wall x3 |
| 5:26 | m0re · wall_segment Palisade Wall x1 |
| 5:35 | m0re · wall_segment Palisade Wall x1 |
| 5:38 | abundzuehalt · wall_segment Palisade Wall x1 |
| 5:39 | J_ · wall_segment Palisade Wall x1 |
| 5:39 | pääjehu · wall_segment Palisade Wall x1 |
| 5:40 | m0re · wall_segment Palisade Wall x1 |
| 5:44 | abundzuehalt · wall_segment Palisade Wall x1 |
| 5:47 | m0re · wall_segment Palisade Wall x1 |
| 5:55 | m0re · wall_segment Palisade Wall x1 |
| 6:02 | m0re · wall_segment Palisade Wall x1 |
| 6:07 | pääjehu · wall_segment Palisade Wall x1 |
| 6:16 | m0re · first_building Dock |
| 6:25 | danger_noodle42 · wall_segment Palisade Wall x1 |
| 6:26 | danger_noodle42 · wall_segment Palisade Wall x1 |
| 6:28 | danger_noodle42 · wall_segment Palisade Wall x1 |
| 6:29 | danger_noodle42 · wall_segment Palisade Wall x1 |
| 6:29 | abundzuehalt · wall_segment Palisade Wall x1 |
| 6:32 | abundzuehalt · wall_segment Palisade Wall x1 |
| 6:33 | abundzuehalt · wall_segment Palisade Wall x1 |
| 6:33 | pääjehu · wall_segment Palisade Wall x1 |
| 6:34 | pääjehu · wall_segment Palisade Wall x1 |
| 6:34 | abundzuehalt · wall_segment Palisade Wall x1 |
| 6:35 | abundzuehalt · wall_segment Palisade Wall x1 |
| 6:35 | pääjehu · wall_segment Palisade Wall x1 |
| 6:38 | pääjehu · wall_segment Palisade Wall x1 |
| 6:38 | pääjehu · wall_segment Palisade Wall x1 |
| 6:41 | [R1] Pume · wall_segment Palisade Wall x1 |
| 6:43 | [R1] Pume · wall_segment Palisade Wall x1 |
| 6:45 | [R1] Pume · wall_segment Palisade Wall x1 |
| 6:46 | pääjehu · wall_segment Palisade Wall x1 |
| 6:46 | [R1] Pume · wall_segment Palisade Wall x1 |
| 6:49 | abundzuehalt · wall_segment Palisade Wall x1 |
| 6:50 | pääjehu · wall_segment Palisade Wall x1 |
| 7:11 | pääjehu · wall_segment Palisade Wall x1 |
| 7:14 | pääjehu · wall_segment Palisade Wall x1 |
| 7:15 | pääjehu · wall_segment Palisade Wall x1 |
| 7:16 | danger_noodle42 · wall_segment Palisade Wall x3 |
| 7:29 | danger_noodle42 · wall_segment Palisade Wall x1 |
| 7:32 | danger_noodle42 · wall_segment Palisade Wall x1 |
| 7:32 | danger_noodle42 · wall_segment Palisade Wall x1 |
| 7:34 | danger_noodle42 · wall_segment Palisade Wall x1 |
| 7:46 | pääjehu · wall_segment Palisade Wall x1 |
| 7:46 | pääjehu · wall_segment Palisade Wall x1 |
| 7:54 | pääjehu · wall_segment Palisade Wall x1 |
| 7:55 | pääjehu · wall_segment Palisade Wall x1 |
| 7:56 | pääjehu · wall_segment Palisade Wall x1 |
| 7:57 | danger_noodle42 · wall_segment Palisade Wall x1 |
| 8:00 | danger_noodle42 · wall_segment Palisade Wall x1 |
| 8:02 | pääjehu · wall_segment Palisade Wall x1 |
| 8:02 | pääjehu · wall_segment Palisade Wall x1 |
| 8:04 | pääjehu · wall_segment Palisade Wall x1 |
| 8:04 | pääjehu · wall_segment Palisade Wall x1 |
| 8:04 | abundzuehalt · wall_segment Palisade Wall x1 |
| 8:04 | pääjehu · wall_segment Palisade Wall x1 |
| 8:05 | pääjehu · wall_segment Palisade Wall x1 |
| 8:20 | danger_noodle42 · wall_segment Palisade Wall x1 |
| 8:22 | danger_noodle42 · wall_segment Palisade Wall x3 |
| 8:38 | danger_noodle42 · wall_segment Palisade Wall x1 |
| 8:58 | pääjehu · wall_segment Palisade Wall x1 |
| 8:59 | pääjehu · wall_segment Palisade Wall x1 |
| 9:08 | pääjehu · wall_segment Palisade Wall x1 |
| 9:09 | pääjehu · wall_segment Palisade Wall x1 |
| 9:09 | pääjehu · wall_segment Palisade Wall x1 |
| 9:13 | pääjehu · wall_segment Palisade Wall x1 |
| 9:28 | pääjehu · wall_segment Palisade Wall x1 |
| 9:29 | pääjehu · wall_segment Palisade Wall x1 |
| 9:51 | danger_noodle42 · wall_segment Palisade Wall x1 |
| 10:01 | pääjehu · wall_segment Palisade Wall x1 |
| 10:03 | [R1] Pume · first_building Barracks |
| 10:06 | abundzuehalt · age_up feudal |
| 10:06 | OS+ | TeMo · age_up feudal |
| 10:33 | J_ · age_up feudal |
| 11:04 | aleksanderG · age_up feudal |
| 11:05 | m0re · age_up feudal |
| 11:12 | [R1] Pume · age_up feudal |
| 11:19 | [R1] Pume · first_building Stable |
| 11:19 | J_ · wall_segment Stone Wall x4 |
| 11:21 | J_ · wall_segment Stone Wall x1 |
| 11:23 | J_ · wall_segment Stone Wall x5 |
| 11:35 | J_ · first_market_sell 100 stone |
| 11:36 | J_ · first_market_buy 100 food |
| 11:42 | danger_noodle42 · first_building Dock |
| 11:56 | m0re · first_building Barracks |
| 12:21 | pääjehu · first_building Barracks |
| 12:25 | pääjehu · wall_segment Palisade Wall x1 |
| 12:26 | pääjehu · wall_segment Palisade Wall x1 |
| 13:10 | danger_noodle42 · age_up feudal |
| 13:14 | danger_noodle42 · wall_segment Stone Wall x4 |
| 13:16 | danger_noodle42 · wall_segment Stone Wall x1 |
| 13:16 | danger_noodle42 · wall_segment Stone Wall x1 |
| 13:16 | pääjehu · age_up feudal |
| 13:18 | danger_noodle42 · wall_segment Stone Wall x4 |
| 13:26 | aleksanderG · first_building Barracks |
| 13:36 | OS+ | TeMo · age_up castle |
| 13:40 | pääjehu · first_building Dock |
| 13:46 | danger_noodle42 · wall_segment Stone Wall x1 |
| 13:47 | danger_noodle42 · wall_segment Stone Wall x1 |
| 13:47 | danger_noodle42 · wall_segment Stone Wall x1 |
| 13:48 | abundzuehalt · age_up castle |
| 13:49 | abundzuehalt · first_building Siege Workshop |
| 13:49 | danger_noodle42 · wall_segment Stone Wall x6 |
| 13:51 | abundzuehalt · first_building Monastery |
| 14:03 | J_ · wall_segment Stone Wall x1 |
| 14:04 | J_ · wall_segment Stone Wall x1 |
| 14:05 | J_ · wall_segment Stone Wall x1 |
| 14:16 | pääjehu · wall_segment Palisade Wall x1 |
| 14:17 | pääjehu · wall_segment Palisade Wall x1 |
| 14:19 | aleksanderG · first_building Stable |
| 14:20 | pääjehu · wall_segment Palisade Wall x1 |
| 14:21 | danger_noodle42 · wall_segment Palisade Wall x1 |
| 14:22 | danger_noodle42 · wall_segment Palisade Wall x1 |
| 14:24 | abundzuehalt · first_market_buy 100 wood |
| 14:25 | pääjehu · first_building Stable |
| 14:32 | danger_noodle42 · wall_segment Palisade Wall x1 |
| 14:34 | danger_noodle42 · wall_segment Palisade Wall x1 |
| 14:36 | danger_noodle42 · wall_segment Palisade Wall x1 |
| 14:42 | J_ · age_up castle |
| 14:45 | m0re · age_up castle |
| 14:47 | m0re · first_building Siege Workshop |
| 14:51 | pääjehu · wall_segment Palisade Wall x1 |
| 14:51 | pääjehu · wall_segment Palisade Wall x1 |
| 14:59 | [R1] Pume · age_up castle |
| 15:00 | pääjehu · wall_segment Palisade Wall x1 |
| 15:05 | J_ · first_building Castle |
| 15:08 | danger_noodle42 · wall_segment Palisade Wall x1 |
| 15:09 | aleksanderG · age_up castle |
| 15:10 | danger_noodle42 · wall_segment Palisade Wall x1 |
| 15:19 | danger_noodle42 · wall_segment Palisade Wall x1 |
| 15:24 | danger_noodle42 · wall_segment Palisade Wall x1 |
| 15:27 | danger_noodle42 · wall_segment Palisade Wall x1 |
| 15:31 | danger_noodle42 · wall_segment Palisade Wall x1 |
| 15:32 | abundzuehalt · wall_segment Stone Wall x4 |
| 15:34 | danger_noodle42 · wall_segment Palisade Wall x1 |
| 15:37 | danger_noodle42 · wall_segment Palisade Wall x1 |
| 15:40 | danger_noodle42 · wall_segment Palisade Wall x1 |
| 15:43 | abundzuehalt · wall_segment Stone Wall x4 |
| 15:49 | abundzuehalt · wall_segment Stone Wall x5 |
| 16:00 | m0re · first_market_buy 100 wood |
| 16:22 | danger_noodle42 · wall_segment Palisade Wall x1 |
| 16:32 | danger_noodle42 · wall_segment Palisade Wall x1 |
| 16:38 | aleksanderG · first_building Siege Workshop |
| 17:00 | OS+ | TeMo · first_building Monastery |
| 17:10 | m0re · first_building Monastery |
| 17:16 | danger_noodle42 · wall_segment Palisade Wall x1 |
| 17:31 | danger_noodle42 · wall_segment Palisade Wall x1 |
| 17:54 | danger_noodle42 · wall_segment Palisade Wall x3 |
| 18:07 | danger_noodle42 · wall_segment Stone Wall x8 |
| 18:30 | aleksanderG · wall_segment Palisade Wall x1 |
| 18:37 | aleksanderG · first_market_buy 100 food |
| 18:41 | aleksanderG · first_building Monastery |
| 18:47 | danger_noodle42 · wall_segment Stone Wall x1 |
| 18:53 | danger_noodle42 · wall_segment Stone Wall x1 |
| 18:55 | danger_noodle42 · wall_segment Stone Wall x1 |
| 18:56 | danger_noodle42 · wall_segment Stone Wall x1 |
| 18:58 | danger_noodle42 · wall_segment Stone Wall x1 |
| 18:59 | danger_noodle42 · wall_segment Stone Wall x1 |
| 19:03 | m0re · wall_segment Palisade Wall x1 |
| 19:04 | m0re · wall_segment Palisade Wall x1 |
| 19:04 | [R1] Pume · first_market_buy 100 food |
| 19:06 | m0re · wall_segment Palisade Wall x1 |
| 19:15 | m0re · wall_segment Palisade Wall x5 |
| 19:54 | danger_noodle42 · wall_segment Palisade Wall x1 |
| 19:56 | danger_noodle42 · wall_segment Palisade Wall x9 |
| 19:58 | OS+ | TeMo · first_building Siege Workshop |
| 20:35 | danger_noodle42 · resign |
[ AI ANALYSIS · 1 CREDIT ]
What really happened in this match?
Wolo.gg analyzes every decision: build order, eco, micro, common mistakes by bracket. Personalized analysis on WhatsApp or Discord in 30 seconds.
Civ guide
Slavs
Perfil
Jugador #22608180